 Dungeon Crawl Stone Soup version 0.28-a0-655-g4eb62b627b (webtiles) character file.

Game seed: 4298422964515728656

108977 kae the Black Belt (level 16, -1/158 (166) HPs)
             Began as a Green Draconian Transmuter on Oct 12, 2021.
             Was a Priest of Ru.
             Slain by a redback (10 damage)
             ... on level 3 of the Lair of Beasts.
             The game lasted 00:45:30 (43889 turns).

kae the Black Belt (Green Draconian Transmuter)    Turns: 43889, Time: 00:45:31

HP:   -1/158 (166)  AC: 32    Str: 13    XL:     16   Next: 3%
MP:   0/22          EV: 17    Int: 17    God:    Ru [***...]
Gold: 2656          SH:  0    Dex: 15    Spells: 1/27 levels left

rFire   . . .      SeeInvis +     - Unarmed
rCold   + . .      Faith    .   (no shield)
rNeg    + . .      Spirit   +   (armour unavailable)
rPois   ∞          Reflect  .   x - +2 hat
rElec   +          Harm     .   j - +0 cloak
rCorr   .          Rampage  .   (gloves currently unavailable)
Will    ++...                   (boots currently unavailable)
Stlth   ..........              F - amulet of Cotih {Spirit Slay+5}
HPRegen 0.36/turn               M - ring "Xamag" {rPois rC+ Will+ SInv}
MPRegen 0.18/turn               D - +4 ring of protection

@: lethally poisoned (-1 -> -1), exhausted, statue-form, lightly drained, unable
to read, very slow
A: slow and powerful, torment resistance 1, boosted hp, (breathe noxious fumes),
AC +9, unfitting armour, stinger 1, poison resistance, screaming 1,
cold-blooded, no stealth, hated by all, deterioration 1, frail 1, low mp 1,
inability to read while threatened
a: End Transformation, Renounce Religion, Draw Out Power


You were on level 3 of the Lair of Beasts.
You worshipped Ru.
Ru was most pleased with you.
You were a living statue of rough stone.
You visited 5 branches of the dungeon, and saw 25 of its levels.
You visited 1 bazaar.
You also visited: Ossuary, Bailey and Gauntlet.

You collected 4273 gold pieces.
You spent 1617 gold pieces at shops.

Inventory:

Missiles
 k - a throwing net
Armour
 j - a +0 cloak (worn)
 x - a +2 hat (worn)
 K - a +2 pair of boots (melded)
Jewellery
 d - an amulet of magic regeneration
 e - a +6 ring of dexterity
 i - a ring of resist corrosion
 q - a ring of wizardry
 u - a ring of fire
 D - a +4 ring of protection (right fist)
 F - the amulet of Cotih (around neck) {Spirit Slay+5}
   (You found it on level 2 of the Lair of Beasts)

   [amulet of guardian spirit]

   It causes incoming damage to be divided between your reserves of health and
   magic.
   Slay:      It affects your accuracy & damage with ranged weapons and melee
   (+5).
 I - a ring of protection from cold
 M - the ring "Xamag" (left fist) {rPois rC+ Will+ SInv}
   (You found it in a Gauntlet)

   [ring of willpower]

   rC:        It protects you from cold.
   rPois:     It protects you from poison.
   SInv:      It lets you see invisible.
   Will:      It increases your willpower.
 N - a ring of willpower
 O - a ring of positive energy
 P - a ring of magical power
 Q - a ring of fire
Wands
 n - a wand of polymorph (10)
 t - a wand of flame (92)
 v - a wand of iceblast (5)
 y - a wand of digging (12)
 E - a wand of paralysis (13)
 J - a wand of acid (21)
Scrolls
 b - 11 scrolls of identify
 g - 8 scrolls of teleportation
 l - 2 scrolls of blinking
 m - 2 scrolls of enchant armour
 o - 2 scrolls of amnesia
 p - 3 scrolls of magic mapping
 s - 7 scrolls of enchant weapon
 R - a scroll of brand weapon
Potions
 a - 5 potions of flight
 c - 2 potions of haste
 f - 7 potions of lignification
 h - 3 potions of mutation
 r - 3 potions of might
 w - 10 potions of ambrosia
 B - 6 potions of curing
 C - 3 potions of resistance
 G - 2 potions of degeneration
 H - a potion of cancellation
 L - 2 potions of attraction
 S - 2 potions of brilliance


   Skills:
 - Level 13.0 Fighting
 - Level 10.0 Dodging
 - Level 17.0 Unarmed Combat
 - Level 6.0 Spellcasting
 - Level 12.3 Transmutations
 - Level 5.0 Ice Magic
 - Level 6.0 Air Magic
 * Level 9.7 Earth Magic
 - Level 2.4 Poison Magic


You had one spell level left.
You knew the following spells:

 Your Spells              Type           Power      Damage    Failure   Level
a - Beastly Appendage     Tmut           94%        N/A       1%          1
b - Spider Form           Tmut/Pois      15%        N/A       1%          3
c - Ice Form              Ice/Tmut       34%        N/A       3%          4
d - Storm Form            Tmut/Air       18%        N/A       94%         7
e - Statue Form           Tmut/Erth      28%        N/A       22%         6
f - Blade Hands           Tmut           23%        N/A       2%          5

Your spell library contained the following spells:

 Spells                   Type           Power      Damage    Failure   Level
 Freeze                   Ice            88%        1d10      1%          1
 Foxfire                  Conj/Fire      20%        2x1d5     13%         1
 Magic Dart               Conj           20%        1d4       13%         1
 Pain                     Necr           20%        1d5       13%         1
 Wereblood                Tmut           47%        N/A       1%          2
 Frozen Ramparts          Ice            44%        1d6       4%          3
 Ignite Poison            Fire/Tmut/Pois 21%        N/A       4%          3
 Corpse Rot               Necr/Air       N/A        N/A       5%          2
 Lee's Rapid Deconstruct  Erth           19%        3d12*     7%          5
 Mephitic Cloud           Conj/Pois/Air  14%        N/A       12%         3
 Leda's Liquefaction      Hex/Erth       10%        N/A       17%         4
 Blink                    Tloc           N/A        N/A       19%         2
 Irradiate                Conj/Tmut      13%        3d18      28%         5
 Conjure Flame            Conj/Fire      5%         6-21      36%         3
 Dazzling Flash           Conj/Hex       10%        N/A       36%         3
 Inner Flame              Hex/Fire       5%         N/A       36%         3
 Lesser Beckoning         Tloc           5%         N/A       36%         3
 Hailstorm                Conj/Ice       13%        3d5       41%         4
 Dragon Form              Tmut           23%        N/A       56%         7
 Silence                  Hex/Air        7%         N/A       71%         5
 Dispel Undead            Necr           5%         3d7       77%         4
 Flame Wave               Conj/Fire      5%         3d4       77%         4
 Passage of Golubria      Tloc           N/A        N/A       77%         4
 Sticky Flame             Conj/Fire      5%         2d3       77%         4
 Agony                    Necr           5%         N/A       98%         5
 Excruciating Wounds      Necr           2%         N/A       98%         5
 Fireball                 Conj/Fire      2%         3d4       98%         5
 Manifold Assault         Tloc           5%         N/A       98%         5
 Dispersal                Tloc           2%         N/A       100%        6
 Starburst                Conj/Fire      2%         6d3       100%        6
 Disjunction              Tloc           2%         N/A       100%        8
 Ignition                 Fire           2%         3d3       100%        8
 Lehudib's Crystal Spear  Conj/Erth      10%        10d4      100%        8
 Call Imp                 Summ           Unusable   N/A       N/A         2
 Death Channel            Necr           Unusable   N/A       N/A         6

Dungeon Overview and Level Annotations

Branches:
Dungeon (15/15)            Temple (1/1) D:5            Lair (6/6) D:9
  Swamp (0/4) Lair:2       Spider (1/4) Lair:3        Slime (0/5) Lair:6
    Orc (2/2) D:12            Elf (0/3) Orc:2        Vaults (0/5) D:13
 Depths (0/4) D:15        Ossuary (visited)          Bailey (visited)
Gauntlet (visited)

Altars:
Ashenzari
Cheibriados
Dithmenos
Elyvilon
Fedhas
Gozag
Hepliaklqana
Kikubaaqudgha
Makhleb
Nemelex Xobeh
Okawaru
Qazlal
Ru
Sif Muna
Trog
Uskayaw
Vehumet
Wu Jian
Xom
Yredelemnul
Zin
The Shining One
Beogh
Lugonu

Shops:
D:1 *   D:6 ?   D:8 (   D:10 (   D:15 *   Orc:2 [:!:

Portals:
Abyss: Lair:6

Annotations:
D:2 1 runed translucent door, Crazy Yiuf
D:13 3 runed translucent doors, Ejudd's ghost, journeyman DjWz
Lair:6 exclusion: 3 oklob plants


Innate Abilities, Weirdness & Mutations

You are a living statue of rough stone.
Your actions are slow, but your melee attacks are powerful.
You are resistant to unholy torment.
Your maximum health is greatly increased.
Your equipment is partially melded.
((You can breathe blasts of noxious fumes.))
((Your lurid green scales are hard. (AC +9)))
You cannot fit into any form of body armour.
Your tail ends in a poisonous barb.
Your system is resistant to poisons. (rPois)
You occasionally shout uncontrollably at your foes.
You are cold-blooded and may be slowed by cold attacks.
You cannot be stealthy.
You are hated by all.
Your body sometimes deteriorates upon taking damage.
You are frail. (-10% HP)
Your magical capacity is low. (-10% MP)
You sometimes lose the ability to read scrolls when taking damage.


Message History

The demonic crawler hits you but does no damage.
The redback bites you but does no damage. x2
The redback barely misses you.
The demonic crawler completely misses you.
The demonic crawler hits you.
* * * LOW HITPOINT WARNING * * *
The demonic crawler barely misses you. The redback completely misses you.
Casting: Blade Hands (dangerous; 2% risk of failure)
Confirm with . or Enter, or press ? or * to list all spells.
Okay, then.
Casting: Blade Hands (dangerous; 2% risk of failure)
Confirm with . or Enter, or press ? or * to list all spells.
You turn into a living statue of rough stone.
Your +2 pair of boots melds into your body.
The redback closely misses you. x3; The demonic crawler misses you.
The demonic crawler hits you but does no damage.
The demonic crawler barely misses you.
The redback bites you but does no damage.
Why would you want to do that?
You pummel the demonic crawler!! You tail-slap the demonic crawler.
The demonic crawler is heavily wounded.
The redback completely misses you. The redback misses you.
The demonic crawler misses you.
The demonic crawler completely misses you.
The demonic crawler barely misses you.
The redback is stunned by your conviction and fails to attack.
The redback bites you but does no damage. x2
You pummel the demonic crawler!!
The demonic crawler is almost dead.
The demonic crawler hits you but does no damage. x2
The demonic crawler hits you.
The redback bites you but does no damage.
The redback misses you. The redback completely misses you.
The demonic crawler hits you but does no damage. x3
The redback bites you!
* * * LOW HITPOINT WARNING * * *
You pulverise the demonic crawler!!!
You kill the demonic crawler!
The redback misses you. The redback bites you!
You die...

..P## ###..............#####
....####...................P####
...............................#
...............................##
##..............................#
##...............................
#..>..................<...?....##
#...........##≈≈≈##............##
##........####..8####.........#.#
##.......####..sss####........###
.........###.#..†#.###........P#.
.........##^###.#.#^##..........#
.........#####.###.###...........
.........##.###.###.##...........
.........###^#.#.#.#.#...........
.........##^#.#^#^#.##..†........
.........###.#...#.###...........


You could see 3 redbacks.

Vanquished Creatures
  Rupert (Lair:6)
  Gastronok (D:9)
  An orc warlord (Orc:1)
  A very ugly thing (D:15)
  Nessos (Orc:2)
  A minotaur (Gauntlet)
  An ettin (shapeshifter) (Gauntlet)
  A fire dragon (D:10)
  The ghost of yegreS the Cleaver, a journeyman MiFi of Gozag (D:12)
  Erolcha (D:12)
  3 vault guards (D:13)
  2 rakshasas (D:15)
  15 hydras
  2 catoblepae
  2 boulder beetles
  An ogre mage (D:13)
  4 two-headed ogres
  3 centaur warriors
  9 orc high priests
  11 death yaks
  4 thrashing horrors (Lair:6)
  A deep elf knight (D:13)
  Nergalle (Lair:3)
  4 skeletal warriors (D:11)
  Pikel (D:7)
  A glowing orange brain (D:15)
  A wizard (D:13)
  2 bog bodies (Lair:2)
  A lindwurm (Lair:6)
  A deep elf pyromancer (D:15)
  3 orc sorcerers
  5 orc knights
  6 ugly things
  4 cyclopes
  3 manticores
  Joseph (D:10)
  6 black mambas
  3 elephants (Lair:4)
  A moth of wrath (shapeshifter) (Gauntlet)
  A smoke demon (Lair:6)
  A gargoyle (D:13)
  13 cane toads
  An unseen horror (D:11)
  2 kobold demonologists (D:11)
  11 komodo dragons
  8 rime drakes
  A demonic crawler (Lair:3)
  An ancient zyme (Lair:6)
  A merfolk (shapeshifter) (Gauntlet)
  A queen bee (D:12)
  A raiju (shapeshifter) (D:15)
  3 meliai (D:12)
  2 polar bears
  10 trolls
  9 slime creatures
  17 blink frogs
  6 jumping spiders
  4 large abominations (Lair:6)
  8 dream sheep
  5 redbacks
  A spriggan (Lair:6)
  2 tarantellas
  A ynoxinul (Lair:6)
  2 shadows
  4 wraiths
  A human (D:13)
  23 yaks
  6 fire bats (D:10)
  10 wyverns
  Grum (D:10)
  A human (shapeshifter) (Lair:6)
  14 basilisks
  A steam dragon (D:7)
  4 vampire mosquitoes
  4 chaos spawn (Lair:6)
  4 swamp worms (Lair:2)
  9 wargs
  4 acid dragons
  13 water moccasins
  Duvessa (D:6)
  A black bear (D:5)
  3 sky beasts
  37 orc warriors
  2 ice beasts
  A hornet zombie (D:8)
  11 centaurs
  6 ogres
  10 wolves
  2 phantoms (D:7)
  A lemure (D:7)
  2 elf zombies (Ossuary)
  A kobold brigand (D:7)
  12 bullfrogs
  A wyvern zombie (D:7)
  15 small abominations (Lair:6)
  4 scorpions
  Dowan (D:6)
  A water moccasin zombie (D:7)
  2 water moccasin skeletons
  2 wyvern skeletons
  3 wights (D:4)
  26 killer bees
  A howler monkey (D:7)
  4 electric eels
  4 centaur zombies
  A bullfrog zombie (D:6)
  2 jellies (D:7)
  3 hounds
  37 orc priests
  2 gnoll shamans (D:8)
  2 iguanas
  20 orc wizards
  8 hell rats
  4 hound zombies
  A hound skeleton (D:5)
  3 mummies (Ossuary)
  A howler monkey zombie (D:10)
  10 gnolls (D:8)
  4 adders
  A shadow imp (D:6)
  2 white imps
  An ufetubus (D:6)
  An adder zombie (Ossuary)
  An adder skeleton (D:4)
  4 worms
  4 dart slugs
  90 orcs
  4 ball pythons
  4 endoplasms
  3 giant cockroaches
  11 goblins
  10 hobgoblins
  3 quokkas
  7 bats
  4 frilled lizards
  6 goblin zombies (Ossuary)
  3 hobgoblin zombies (Ossuary)
  4 jackal zombies (Ossuary)
  14 kobolds
  5 kobold zombies (Ossuary)
  3 orc zombies (Ossuary)
  3 quokka zombies (Ossuary)
  3 rats
  4 rat zombies (Ossuary)
769 creatures vanquished.

Vanquished Creatures (others)
  A boulder beetle (Lair:6)
  2 death yaks
  A rime drake (Lair:6)
  A water moccasin (Lair:6)
  An orc (Orc:2)
  33 fungi
  55 plants
94 creatures vanquished.

Grand Total: 863 creatures vanquished

Notes
Turn   | Place    | Note
-------+----------+-------------------------------------------
     0 | D:1      | kae the Draconian Transmuter began the quest for the Orb.
     0 | D:1      | Reached XP level 1. HP: 16/16 MP: 3/3
   229 | D:1      | Reached XP level 2. HP: 9/23 MP: 3/5
  1012 | D:1      | Found Ukkig's General Store.
  1193 | D:1      | Found a faded altar of an unknown god.
  1257 | D:1      | Identified a scroll of acquirement
  1257 | D:1      | Acquired 883 gold pieces
  1407 | D:2      | Found a glowing golden altar of the Shining One.
  1422 | D:2      | HP: 1/24 [worm (4)]
  1706 | D:2      | Reached XP level 3. HP: 27/29 MP: 4/6
  1990 | D:2      | Found a runed translucent door.
  1991 | D:2      | Noticed Crazy Yiuf
  2325 | D:2      | Acquired 446 gold pieces
  2576 | D:3      | Reached skill level 4 in Unarmed Combat
  3383 | D:4      | Learned a level 3 spell: Spider Form
  3399 | D:4      | Reached skill level 1 in Poison Magic
  3399 | D:4      | Reached XP level 4. HP: 23/37 MP: 7/7
  3449 | D:4      | Found a sand-covered staircase.
  3476 | D:4      | Reached XP level 5. HP: 24/42 MP: 8/8
  3494 | D:4      | HP: 2/45 [goblin (1)]
  3519 | Ossuary  | Entered an ossuary
  3828 | Ossuary  | Reached skill level 5 in Unarmed Combat
  3828 | Ossuary  | Reached XP level 6. HP: 49/51 MP: 9/9
  3870 | Ossuary  | Learned a level 4 spell: Ice Form
  4102 | Ossuary  | Reached skill level 1 in Ice Magic
  4411 | Ossuary  | Your scales start taking on a lurid green colour.
  4411 | Ossuary  | Reached XP level 7. HP: 54/57 MP: 10/10
  4411 | Ossuary  | Gained mutation: Your system is resistant to poisons.
                  | (rPois) [Green Draconian growth]
  4883 | D:4      | Reached skill level 6 in Unarmed Combat
  5194 | D:5      | Entered Level 5 of the Dungeon
  5282 | D:5      | Found a staircase to the Ecumenical Temple.
  5303 | D:5      | Reached XP level 8. HP: 33/67 MP: 11/11
  5309 | Temple   | Entered the Ecumenical Temple
  5688 | Temple   | Became a worshipper of Ru the Awakened
  5945 | D:5      | You fall into a shaft and drop 2 floors!
  6060 | D:6      | Reached skill level 7 in Unarmed Combat
  6270 | D:6      | Noticed Duvessa
  6273 | D:6      | Reached skill level 5 in Fighting
  6280 | D:6      | Noticed Dowan
  6285 | D:6      | Killed Duvessa
  6286 | D:6      | Reached skill level 5 in Transmutations
  6307 | D:6      | Killed Dowan
  6308 | D:6      | Reached skill level 5 in Ice Magic
  6608 | D:6      | Found Yghefomm's Magic Scroll Boutique.
  7002 | D:6      | Bought a scroll of identify for 22 gold pieces
  7002 | D:6      | Bought a scroll of identify for 22 gold pieces
  7002 | D:6      | Bought a scroll of identify for 22 gold pieces
  7002 | D:6      | Bought a scroll of identify for 22 gold pieces
  7002 | D:6      | Bought a scroll of identify for 22 gold pieces
  7002 | D:6      | Bought a scroll of identify for 22 gold pieces
  7002 | D:6      | Bought a scroll of blinking for 82 gold pieces
  7002 | D:6      | Bought a scroll of teleportation for 33 gold pieces
  7942 | D:7      | Reached skill level 8 in Unarmed Combat
  7942 | D:7      | Reached XP level 9. HP: 74/74 MP: 8/12
  8528 | D:7      | Noticed Pikel
  8556 | D:7      | Killed Pikel
  8557 | D:7      | Reached skill level 9 in Unarmed Combat
  9197 | D:8      | Reached skill level 10 in Unarmed Combat
  9197 | D:8      | Reached XP level 10. HP: 68/86 MP: 10/13
  9473 | D:8      | Found a flagged portal.
  9496 | Bailey   | Entered a bailey
 10117 | Bailey   | Noticed an orc knight
 10332 | Bailey   | Killed an orc knight
 10654 | Bailey   | Identified the +3 scale mail "Cidgh" {rC+ MP+9}
 10726 | D:8      | Reached skill level 11 in Unarmed Combat
 10804 | D:8      | Found an iron altar of Okawaru.
 10939 | D:8      | Found Zusau's Weapon Emporium.
 11943 | D:9      | Reached XP level 11. HP: 95/95 MP: 11/14
 11974 | D:9      | Noticed Gastronok
 12358 | D:9      | Found a sparkling altar of Nemelex Xobeh.
 12910 | D:9      | Found a white marble altar of Elyvilon.
 13170 | D:8      | Reached skill level 12 in Unarmed Combat
 13644 | D:9      | Found a bloodstained altar of Trog.
 13777 | D:9      | Found a basalt altar of Yredelemnul.
 13788 | D:9      | Found a hazy altar of Hepliaklqana.
 13811 | D:9      | Found a staircase to the Lair.
 13838 | D:9      | Killed Gastronok
 13938 | D:10     | Entered Level 10 of the Dungeon
 14089 | D:10     | Found a shadowy altar of Dithmenos.
 14128 | D:10     | Noticed Joseph
 14138 | D:10     | Killed Joseph
 14359 | D:10     | Found a broken altar of Ashenzari.
 14385 | D:10     | Noticed a two-headed ogre
 14395 | D:10     | Killed a two-headed ogre
 14597 | D:10     | Found Boxkoun's Antique Weapon Shoppe.
 14708 | D:10     | Noticed Grum
 14717 | D:10     | Killed Grum
 15113 | D:10     | Noticed a fire dragon
 15160 | Lair:1   | Entered Level 1 of the Lair of Beasts
 15321 | Lair:1   | Noticed a four-headed hydra
 15345 | D:9      | Killed a four-headed hydra
 15833 | Lair:1   | Reached skill level 13 in Unarmed Combat
 16222 | Lair:1   | Gained mutation: You are hated by all. [Ru sacrifice]
 16222 | Lair:1   | Reached * piety under Ru
 16222 | Lair:1   | Reached ** piety under Ru
 16367 | Lair:1   | Reached skill level 5 in Dodging
 16781 | Lair:2   | Noticed a six-headed hydra
 16790 | Lair:1   | Killed a six-headed hydra
 16791 | Lair:1   | Reached skill level 10 in Fighting
 17085 | Lair:2   | Reached XP level 12. HP: 100/106 MP: 13/15
 18541 | Lair:2   | Identified the amulet of Cotih {Spirit Slay+5}
 18590 | Lair:2   | Noticed a death yak
 18590 | Lair:2   | Noticed a death yak
 18596 | Lair:2   | Noticed a death yak
 18598 | Lair:2   | Noticed a death yak
 18600 | Lair:2   | Killed a death yak
 18606 | Lair:2   | Killed a death yak
 18609 | Lair:2   | Noticed a death yak
 18610 | Lair:2   | Killed a death yak
 18616 | Lair:2   | Killed a death yak
 18617 | Lair:2   | Noticed a death yak
 18621 | Lair:2   | Killed a death yak
 18622 | Lair:2   | Reached skill level 14 in Unarmed Combat
 18622 | Lair:2   | Reached skill level 10 in Transmutations
 18625 | Lair:2   | Killed a death yak
 18986 | Lair:2   | Noticed a death yak
 18999 | Lair:2   | Noticed a seven-headed hydra
 19005 | Lair:2   | Killed a seven-headed hydra
 19109 | Lair:2   | Killed a death yak
 19187 | Lair:2   | Noticed a six-headed hydra
 19255 | Lair:2   | Killed a six-headed hydra
 19405 | Lair:2   | Noticed a five-headed hydra
 19408 | Lair:2   | Noticed a five-headed hydra
 19412 | Lair:2   | Killed a five-headed hydra
 19415 | Lair:2   | Killed a five-headed hydra
 20125 | Lair:2   | Found a staircase to the Swamp.
 20442 | Lair:2   | Reached XP level 13. HP: 116/116 MP: 16/16
 20994 | Lair:2   | HP: 6/139 [poisoned by a black mamba]
 22510 | Lair:2   | Found a staircase to the Swamp.
 23141 | Lair:3   | Reached skill level 15 in Unarmed Combat
 23187 | Lair:3   | Gained mutation: You cannot be stealthy. [Ru sacrifice]
 23534 | Lair:3   | Found a hole to the Spider Nest.
 24533 | Lair:3   | Noticed Nergalle
 24544 | Lair:3   | Killed Nergalle
 25495 | Lair:4   | HP: 6/140 [basilisk (2)]
 25501 | Lair:4   | HP: 2/140 [wyvern (12)]
 27576 | Lair:4   | Gained mutation: Your tail ends in a poisonous barb. [Green
                  | Draconian growth]
 27576 | Lair:4   | Reached XP level 14. HP: 123/126 MP: 20/20
 27912 | Lair:4   | Reached skill level 16 in Unarmed Combat
 28667 | Lair:5   | Gained mutation: You occasionally shout uncontrollably at
                  | your foes. [Ru sacrifice]
 28667 | Lair:5   | Reached *** piety under Ru
 29131 | Lair:6   | Entered Level 6 of the Lair of Beasts
 29365 | Lair:6   | Found a gate leading to a gauntlet.
 29515 | Gauntlet | Entered a Gauntlet
 29515 | Gauntlet | Found a transporter.
 29554 | Gauntlet | Found a transporter.
 29574 | Gauntlet | Found a transporter.
 29574 | Gauntlet | Found a transporter.
 29584 | Gauntlet | Found a transporter.
 29605 | Gauntlet | Found a transporter.
 29608 | Gauntlet | Found a transporter.
 29612 | Gauntlet | Found a transporter.
 29614 | Gauntlet | Found a runed translucent door.
 29642 | Gauntlet | Found a transporter.
 29642 | Gauntlet | Found a transporter.
 29650 | Gauntlet | Found a transporter.
 29691 | Gauntlet | Found a transporter.
 29761 | Gauntlet | Learned a level 7 spell: Storm Form
 29800 | Gauntlet | Identified the ring "Xamag" {rPois rC+ Will+ SInv}
 29940 | Gauntlet | Identified the +7 shortbow "Ledatiw" {venom, *Corrode
                  | Dex+7}
 29940 | Gauntlet | Identified the +4 chain mail "Fiab" {Harm SInv}
 29950 | Gauntlet | Reached skill level 1 in Air Magic
 30028 | Gauntlet | Identified the +0 robe of Zeybag {rN+}
 30029 | Gauntlet | Got Kikubaaqudgha's Guide on Black Arts
 30036 | Gauntlet | Identified the +0 troll leather armour of Satisfaction
                  | {Regen+ Dex+9}
 30332 | Lair:6   | Noticed Rupert
 30351 | Lair:6   | Killed Rupert
 31053 | Lair:6   | Reached skill level 5 in Spellcasting
 32441 | Lair:6   | Found a corrupted altar of Lugonu.
 32441 | Lair:6   | Found a one-way gate to the infinite horrors of the Abyss.
 32616 | Lair:6   | Found a staircase to the Slime Pits.
 34140 | D:10     | Found a burning altar of Makhleb.
 34548 | D:10     | Found the +7 great mace "Firestarter" {inner flame, rF++}
 35032 | D:11     | Reached skill level 5 in Air Magic
 35526 | D:12     | Reached XP level 15. HP: 95/135 MP: 10/22
 35783 | D:12     | Found a runed translucent gate.
 35783 | D:12     | Found a runed translucent gate.
 35783 | D:12     | Found a runed translucent gate.
 35844 | D:12     | Noticed Erolcha
 35859 | D:12     | Killed Erolcha
 35890 | D:12     | Reached skill level 17 in Unarmed Combat
 36048 | D:12     | Found a staircase to the Orcish Mines.
 36055 | D:12     | Found the +4 robe of Augmentation {Str+4 Int+4 Dex+4}
 36056 | D:12     | Noticed yegreS's ghost (journeyman MiFi)
 36480 | D:12     | Killed yegreS's ghost
 36590 | D:13     | Learned a level 6 spell: Statue Form
 36790 | D:13     | Found a runed translucent gate.
 36791 | D:13     | Found a runed translucent gate.
 36792 | D:13     | Found a runed translucent gate.
 36861 | D:13     | Noticed Ejudd's ghost (journeyman DjWz)
 36880 | D:13     | Reached skill level 1 in Earth Magic
 37214 | D:13     | Found a gate to the Vaults.
 37559 | D:13     | Identified the +0 chain mail "Ilidaov" {Int+2}
 37908 | D:13     | Found an iron altar of Okawaru.
 37950 | D:14     | Found a flickering gateway to a bazaar.
 38049 | Bazaar   | Entered a bazaar
 38101 | Bazaar   | Found Feuzxe's Book Boutique.
 38105 | Bazaar   | Found Daimaom's Jewellery Boutique.
 38105 | Bazaar   | Found Plog's General Store.
 38106 | Bazaar   | Found Asizuha's Weapon Boutique.
 38126 | Bazaar   | Bought the Almanac of Igneous Transmigration for 608 gold
                  | pieces
 38145 | Bazaar   | Bought a potion of lignification for 42 gold pieces
 38809 | D:15     | Entered Level 15 of the Dungeon
 39132 | D:15     | Gained mutation: You are frail. (-10% HP) [mutagenic glow]
 39198 | D:15     | Found a stormy altar of Qazlal.
 39229 | D:15     | Reached skill level 5 in Earth Magic
 39437 | D:15     | HP: 4/145 [centaur warrior/arrow (17)]
 40320 | D:15     | Found Emaytz's Sacrilege Store.
 40415 | D:15     | Reached skill level 10 in Dodging
 40552 | D:15     | Found a staircase to the Depths.
 40938 | Orc:1    | Entered Level 1 of the Orcish Mines
 41163 | Orc:2    | Entered Level 2 of the Orcish Mines
 41163 | Orc:2    | Noticed an orc warlord
 41163 | Orc:2    | Found a staircase to the Elven Halls.
 41333 | Orc:1    | Killed an orc warlord
 41752 | Orc:2    | Gained mutation: Your body sometimes deteriorates upon
                  | taking damage. [mutagenic glow]
 41760 | Orc:2    | Gained mutation: You sometimes lose the ability to read
                  | scrolls when taking damage. [mutagenic glow]
 41775 | Orc:2    | Gained mutation: Your magical capacity is low. (-10% MP)
                  | [mutagenic glow]
 43114 | Orc:2    | Found Acommups's Antique Armour Shoppe.
 43114 | Orc:2    | Found Kaippec's Book Boutique.
 43171 | Orc:2    | Noticed Nessos
 43186 | Orc:2    | Killed Nessos
 43459 | Orc:2    | Reached XP level 16. HP: 128/128 MP: 16/22
 43632 | Orc:2    | Found Ehin's Distillery.
 43632 | Orc:2    | Found Anyag's Book Boutique.
 43638 | Orc:2    | Bought a potion of heal wounds for 60 gold pieces
 43638 | Orc:2    | Bought a potion of heal wounds for 60 gold pieces
 43647 | Orc:2    | Bought a book of Transfigurations for 600 gold pieces
 43653 | Orc:2    | Learned a level 5 spell: Blade Hands
 43855 | Spider:1 | Entered Level 1 of the Spider Nest
 43889 | Lair:3   | Slain by a redback

Illustrated notes

Levels and vault maps discovered:
D:1:      lemuel_arrival_muddy, layout_loops_cross,
          shapermc_ecumenical_altar_acropolis, serial_shops,
          nicolae_shop_statue_plus
D:2:      layout_rooms, basic_altar, lemuel_another_geyser,
          uniq_crazy_yiuf_cottage
D:3:      layout_basic
D:4:      minmay_clustersquares, layout_basic, nicolae_ossuary_entry_ruins
D:5:      layout_rooms, temple_statues, interstate_on_off
D:6:      layout_basic, serial_shops, nicolae_inconvenience_store,
          minmay_fractal_squares_5, uniq_duvessa
D:7:      minmay_polygon_palace, layout_basic, hex_tiny, nicolae_benzene_ring,
          uniq_pikel
D:8:      layout_gridville, mainiacjoe_overflow_paths, enter_bailey_3,
          serial_shops, nicolae_diamond_shop
D:9:      layout_rooms, trog_butcher_becter, nicolae_overflow_quartered_altars,
          dpeg_oklobed_lair, serial_park_tiny_1, uniq_gastronok
D:10:     minmay_firetagon, layout_loops_corners,
          chequers_temple_overflow_statue_of_worship,
          nicolae_overflow_hidden_temple, serial_shops, nicolae_stop_n_shop_1,
          minmay_door_square, grunt_decor_clamped, st_stairs_3, uniq_joseph,
          uniq_grum
D:11:     layout_irregular_city
D:12:     layout_basic, orc_0_dummy, ebering_ghost_rock_garden, special_room
          [special_room_bee], uniq_erolcha
D:13:     layout_rooms, grunt_vaults_entry_fortified,
          gammafunk_ghost_fury_of_okawaru, minivault_5
D:14:     layout_rooms, minmay_misc_feat_columns, serial_shops, bzr_entry_gold
D:15:     gammafunk_enter_depths_forms, layout_basic, grunt_qazlal_clouds,
          small_statue_intersection, nicolae_evil_shop
Temple:   nicolae_temple_figure_eight
Lair:1:   layout_regular_city, serial_bayou_pond_d,
          chequers_serial_rivers_room_a, minivault_25, minivault_27
Lair:2:   layout_cave_pods, nicolae_swamp_entry_splash_gauntlet,
          minmay_stone_trees_small, chequers_serial_rivers_room_b,
          minmay_shattered_shrine, lemuel_fruit_fields
Lair:3:   layout_hall_layers, nicolae_spider_entry_tight_spaces, special_room,
          hangedman_lair_unloving_vines, uniq_nergalle
Lair:4:   layout_misc_corridors, special_room [special_room_mythical_zoo]
Lair:5:   layout_misc_corridors
Lair:6:   hellmonk_lair_end_abyssal_woods, layout_hall_layers,
          minmay_slime_entry_oklob_open, gauntlet_entry_generic, uniq_rupert
Spider:1: layout_spider_delve, drop_trap, worms_lemuel
Orc:1:    layout_caves, kennysheep_orc_chapel
Orc:2:    st_orc_town, layout_caves, uniq_nessos

Skill      XL: |  1  2  3  4  5  6  7  8  9 10 11 12 13 14 15 |
---------------+----------------------------------------------+-----
Fighting       | 2 3 4 5 7 8 10 11 12 13 | 13.0
Unarmed Combat | 4 5 6 8 10 11 13 14 15 16 17 | 17.0
Poison Magic   | 1 2 |  2.4
Transmutations | 3 4 5 6 8 9 10 11 12 | 12.3
Ice Magic      | 1 3 5 |  5.0
Dodging        | 3 5 6 8 9 10 | 10.0
Spellcasting   | 4 5 6 |  6.0
Air Magic      | 5 6 |  6.0
Earth Magic    | 9 |  9.7

Action                   |  1- 3 |  4- 6 |  7- 9 | 10-12 | 13-15 | 16-18 || total
-------------------------+-------+-------+-------+-------+-------+-------++-------
Melee: Unarmed           |   163 |   163 |   260 |   473 |  1051 |    25 ||  2135
       Headbutt          |    15 |     9 |     4 |       |     3 |       ||    31
       Tailslap          |    15 |    21 |    12 |     1 |    36 |     3 ||    88
       Kick              |    16 |    28 |    12 |       |     7 |       ||    63
       Punch             |     2 |     5 |     1 |     1 |    15 |       ||    24
 Cast: Beastly Appendage |    29 |    10 |     7 |       |     5 |       ||    51
       Spider Form       |       |     3 |    16 |       |     1 |       ||    20
       Ice Form          |       |       |    15 |    64 |   107 |       ||   186
       Statue Form       |       |       |       |       |    29 |     2 ||    31
       Blade Hands       |       |       |       |       |       |     2 ||     2
Invok: Reject Sacrifices |       |       |     1 |       |     2 |       ||     3
       Sacrifice Love    |       |       |       |     1 |       |       ||     1
       Sacrifice Stealth |       |       |       |       |     1 |       ||     1
       Sacrifice Purity  |       |       |       |       |     1 |       ||     1
       Draw Out Power    |       |       |       |       |       |     1 ||     1
 Abil: Breathe Noxious F |       |       |     6 |     9 |     5 |       ||    20
       End Transformatio |       |       |     1 |     1 |     1 |       ||     3
Evoke: Wand              |       |       |       |       |     6 |       ||     6
  Use: Scroll            |     6 |       |    10 |     6 |    17 |       ||    39
       Potion            |       |     2 |       |     2 |     5 |     4 ||    13
 Stab: Sleeping          |     1 |       |     2 |       |       |       ||     3
       Distracted        |       |       |     1 |     2 |       |     1 ||     4
       Confused          |       |       |     7 |     7 |     3 |       ||    17
       Invisible         |       |       |       |       |     4 |       ||     4
       Petrifying        |       |       |       |       |     2 |       ||     2
Armor: Skin              |    52 |    37 |    57 |   118 |   454 |    74 ||   792
Dodge: Dodged            |   104 |    76 |   166 |   243 |   838 |   128 ||  1555

Table legend: (Time is in decaauts)
 A = Elapsed time spent in this place.
 B = Non-inter-level travel time spent in this place.
 C = Inter-level travel time spent in this place.
 D = Time resting spent in this place.
 E = Time spent auto-exploring this place.
 F = Levels seen in this place.
 G = Mean time per level.
                   A        B        C        D        E       F      G
               +--------+--------+--------+--------+--------+-----+--------+
         Total |  44083 |  42817 |   1266 |   4562 |  32545 |  29 | 1520.1 |
       Dungeon |  21150 |  20454 |    696 |   2281 |  15353 |  15 | 1410.0 |
        Temple |    391 |    380 |     11 |      0 |    362 |   1 |  391.0 |
          Lair |  16576 |  16078 |    498 |   1459 |  13000 |   6 | 2762.7 |
   Spider Nest |     12 |     12 |      0 |      0 |      0 |   1 |   12.0 |
  Orcish Mines |   3101 |   3041 |     60 |    311 |   2101 |   2 | 1550.5 |
        Bazaar |    113 |    113 |      0 |      0 |     80 |   1 |  113.0 |
       Ossuary |   1021 |   1021 |      0 |    112 |    684 |   1 | 1021.0 |
        Bailey |   1170 |   1170 |      0 |    251 |    708 |   1 | 1170.0 |
      Gauntlet |    545 |    545 |      0 |    148 |    257 |   1 |  545.0 |
               +--------+--------+--------+--------+--------+-----+--------+

Top non-repeatable levels by time:
  Lair:2: 4997 daAuts
  Lair:3: 3312 daAuts
  Lair:6: 2937 daAuts
     D:8: 2554 daAuts
    D:15: 2261 daAuts
  Lair:4: 2184 daAuts
    D:10: 2144 daAuts
  Lair:1: 2102 daAuts
     D:9: 1825 daAuts
   Orc:1: 1609 daAuts
     D:6: 1597 daAuts
     D:1: 1546 daAuts
   Orc:2: 1492 daAuts
    D:11: 1443 daAuts
     D:7: 1397 daAuts
